 Dungeon Crawl Stone Soup version 0.28-a0-577-gb193047a1f (webtiles) character file.

Game seed: 2456067170458500478

242 pokeman the Magician (level 5, -5/29 HPs)
             Began as a Deep Elf Hedge Wizard on Oct 2, 2021.
             Slain by Grinder (6 damage)
             ... while paralysed by Grinder
             ... on level 4 of the Dungeon.
             The game lasted 00:08:00 (3876 turns).

pokeman the Magician (Deep Elf Hedge Wizard)        Turns: 3876, Time: 00:08:01

Health: -5/29      AC:  3    Str:  7    XL:     5   Next: 81%
Magic:  9/16       EV:  2    Int: 20    God:
Gold:   115        SH:  0    Dex: 14    Spells: 6/17 levels left

rFire   . . .      SeeInvis .   j - +2 hand axe (drain)
rCold   . . .      Faith    .   (no shield)
rNeg    . . .      Spirit   .   i - +0 leather armour
rPois   .          Reflect  .   c - +0 hat
rElec   .          Harm     .   (no cloak)
rCorr   .          Rampage  .   (no gloves)
Will    .....                   (no boots)
Stlth   ++........              (no amulet)
HPRegen 0.09/turn               (no ring)
MPRegen 0.15/turn               (no ring)

@: paralysed
A: no striking features
a: no special abilities


You were on level 4 of the Dungeon.
You visited 1 branch of the dungeon, and saw 4 of its levels.

You collected 115 gold pieces.

Inventory:

Hand Weapons
 j - a +2 hand axe of draining (weapon)
Missiles
 f - 50 bolts
 p - 46 arrows
Armour
 c - a +0 hat (worn)
 i - a +0 leather armour (worn)
Wands
 u - a wand of flame (9)
Scrolls
 a - a scroll of amnesia {unknown}
 b - a scroll of noise {unknown}
 d - 2 scrolls of identify {unknown}
 g - 2 scrolls of teleportation {unknown}
 q - 2 scrolls of silence {unknown}
 r - a scroll of holy word {unknown}
 t - a scroll of enchant weapon {unknown}
Potions
 e - 3 potions of magic {unknown}
 h - a potion of degeneration {unknown}
 k - 2 potions of brilliance {unknown}
 l - 2 potions of curing {unknown}
 m - a potion of flight {unknown}
 n - a potion of heal wounds {unknown}
 o - a potion of lignification {unknown}
 s - a potion of cancellation {unknown}
 v - 2 potions of berserk rage {unknown}


   Skills:
 - Level 1.0 Fighting
 - Level 1.4 Armour
 - Level 3.0 Dodging
 - Level 3.0 Stealth
 * Level 6.6 Spellcasting
 + Level 3.0 Conjurations
 - Level 1.1 Summonings
 - Level 1.1 Translocations
 + Level 0.1 Fire Magic
 + Level 0.2 Air Magic
 - Level 1.0 Poison Magic


You had 6 spell levels left.
You knew the following spells:

 Your Spells              Type           Power      Damage    Failure   Level
a - Magic Dart            Conj           72%        1d6       4%          1
b - Mephitic Cloud        Conj/Pois/Air  12%        N/A       24%         3
c - Call Imp              Summ           11%        N/A       14%         2
d - Blink                 Tloc           N/A        N/A       14%         2
e - Conjure Flame         Conj/Fire      13%        6-21      22%         3

Your spell library contained the following spells:

 Spells                   Type           Power      Damage    Failure   Level
 Slow                     Hex            6%         N/A       22%         2


Dungeon Overview and Level Annotations

Branches:
Dungeon (4/15)
 Temple: D:4-7

Altars:

Shops:
D:1 ::[:   D:2 (

Annotations:
D:4 Grinder


Message History

The magic dart hits Grinder.
Grinder is moderately wounded.
You hit Grinder but do no damage.
Grinder is moderately wounded.
Grinder closely misses you. Grinder gestures at you.
You suddenly lose the ability to move!
Grinder blinks!
Grinder gestures at you.
You shrug off the repeated paralysis!
You can move again.
Unknown command.
Casting: Magic Dart (safe; 4% risk of failure)
Confirm with . or Enter, or press ? or * to list all spells.
You don't know that spell.
Unknown command.
Casting: Magic Dart (safe; 4% risk of failure)
Confirm with . or Enter, or press ? or * to list all spells.
A beastly little devil appears in a puff of flame.
Grinder closely misses you.
You closely miss Grinder.
Grinder is moderately wounded.
Grinder hits you!
You writhe in agony.
Your crimson imp closely misses Grinder.
Unknown command.
Casting: Call Imp (safe; 14% risk of failure)
Confirm with . or Enter, or press ? or * to list all spells.
You blink.
Grinder blinks!
Your crimson imp blinks!
Grinder gestures at you.
You suddenly lose the ability to move!
Your crimson imp blinks!
Grinder gestures at you.
You struggle to resist.
Grinder says, "Mostly I couldn't keep them alive."
Grinder gestures at you. Pain shoots through your body!
* * * LOW HITPOINT WARNING * * *
Grinder hits you.
You die...

##################
#####......5@....:....
#...........##########
#...........#
#..........5#
#...........#
#...........#
#...(.......#
#...........#
#...........#


You could see Grinder (ally target) and a friendly crimson imp (summoned).

Vanquished Creatures
  A black bear (D:2)
  An orc priest (D:3)
  4 adders
  An ufetubus (D:4)
  A dart slug (D:3)
  5 orcs (D:3)
  5 ball pythons
  5 endoplasms
  5 giant cockroaches
  10 goblins
  4 hobgoblins
  7 jackals
  3 quokkas
  7 bats
  A frilled lizard (D:2)
  9 kobolds
  6 rats
75 creatures vanquished.

Notes
Turn   | Place    | Note
-------+----------+-------------------------------------------
     0 | D:1      | pokeman the Deep Elf Hedge Wizard began the quest for the
                  | Orb.
     0 | D:1      | Reached XP level 1. HP: 10/10 MP: 7/7
   328 | D:1      | Reached XP level 2. HP: 15/15 MP: 9/9
   604 | D:1      | Found Ympegeji's Book Boutique.
   782 | D:1      | Reached skill level 5 in Spellcasting
   932 | D:1      | Found Yravoq's Book Shop.
   972 | D:1      | Found Tumpaixeo's Book Emporium.
   982 | D:1      | Reached XP level 3. HP: 20/20 MP: 6/11
   986 | D:1      | Learned a level 3 spell: Mephitic Cloud
   989 | D:1      | Learned a level 2 spell: Call Imp
   992 | D:1      | Learned a level 2 spell: Blink
   996 | D:1      | Learned a level 3 spell: Conjure Flame
  1547 | D:1      | Found Migod's Armour Shop.
  1686 | D:2      | Reached skill level 1 in Fighting
  1913 | D:2      | Found Viluenla's Antique Weapon Shoppe.
  1978 | D:2      | Noticed a black bear
  1990 | D:2      | Killed a black bear
  1991 | D:2      | Reached skill level 1 in Armour
  1991 | D:2      | Reached XP level 4. HP: 20/25 MP: 5/13
  2073 | D:2      | Reached skill level 6 in Spellcasting
  2139 | D:2      | Reached XP level 5. HP: 29/29 MP: 10/15
  3046 | D:3      | Reached skill level 1 in Poison Magic
  3472 | D:3      | Found a faded altar of an unknown god.
  3858 | D:4      | Noticed Grinder
  3864 | D:4      | Paralysed by Grinder for 3 turns
  3872 | D:4      | Paralysed by Grinder for 7 turns
  3875 | D:4      | HP: 1/29 [Grinder/nerve-wracking pain (13)]
  3876 | D:4      | Slain by Grinder

Illustrated notes

Levels and vault maps discovered:
D:1:      lemuel_arrival_hallway, layout_loops_ring, serial_shops, shop, shop,
          shop, nicolae_lakefront_shop, minmay_ruptured
D:2:      layout_loops_ring, serial_shops, shop
D:3:      layout_rooms, shapermc_ecumenical_altar_venn
D:4:      minmay_octagon_keep, layout_basic, uniq_eustachio, uniq_grinder

Skill      XL: |  1  2  3  4  5 |
---------------+----------------+-----
Spellcasting   | 5 6 |  6.6
Fighting       | 1 |  1.0
Armour         | 1 |  1.4
Dodging        | 3 |  3.0
Conjurations   | 2 3 |  3.0
Poison Magic   | 1 |  1.0
Stealth        | 3 |  3.0
Summonings     | |  1.1
Translocations | |  1.1
Fire Magic     | |  0.1
Air Magic      | |  0.2

Action                   |  1- 3 |  4- 6 || total
-------------------------+-------+-------++-------
Melee: Hand axe          |    23 |    17 ||    40
 Cast: Magic Dart        |    91 |    84 ||   175
       Conjure Flame     |     1 |       ||     1
       Mephitic Cloud    |       |     2 ||     2
       Call Imp          |       |     2 ||     2
       Blink             |       |     1 ||     1
 Stab: Sleeping          |     1 |       ||     1
Armor: Robe              |     1 |       ||     1
       Leather armour    |    10 |     9 ||    19
Dodge: Dodged            |    31 |    17 ||    48

Table legend: (Time is in decaauts)
 A = Elapsed time spent in this place.
 B = Non-inter-level travel time spent in this place.
 C = Inter-level travel time spent in this place.
 D = Time resting spent in this place.
 E = Time spent auto-exploring this place.
 F = Levels seen in this place.
 G = Mean time per level.
                   A        B        C        D        E       F      G
               +--------+--------+--------+--------+--------+-----+--------+
         Total |   3887 |   3778 |    109 |    199 |   3088 |   4 |  971.8 |
       Dungeon |   3887 |   3778 |    109 |    199 |   3088 |   4 |  971.8 |
               +--------+--------+--------+--------+--------+-----+--------+

Top non-repeatable levels by time:
     D:1: 1609 daAuts
     D:2: 1282 daAuts
     D:3: 727 daAuts
     D:4: 267 daAuts
